 Dungeon Crawl Stone Soup version 0.20-a0-1114-g33edf32 (webtiles) character file.

5978 Monsterracer the Grappler (level 10, -3/92 HPs)
             Began as a Naga Transmuter on May 6, 2017.
             Was an Elder of Cheibriados.
             Slain by a two-headed ogre
             ... wielding a +0 giant club
              (8 damage)
             ... on level 8 of the Dungeon.
             The game lasted 00:43:00 (10300 turns).

Monsterracer the Grappler (Naga Transmuter)        Turns: 10300, Time: 00:43:01

Health: -3/92      AC:  8    Str: 24    XL:     10   Next: 85%
Magic:  6/14       EV: 12    Int: 27    God:    Cheibriados [****..]
Gold:   167        SH:  0    Dex: 20    Spells: 4/13 levels left

rFire    . . .     SeeInvis +     - Unarmed
rCold    x . .     Gourm    .   (shield currently unavailable)
rNeg     + + .     Faith    +   s - +2 robe {Archmagi}
rPois    +         Spirit   .   a - +2 hat
rElec    .         Reflect  .   (no cloak)
rCorr    .         Harm     .   (gloves currently unavailable)
MR       +....                  (no barding)
Stlth    ++........             v - amulet "Ziujuhoj" {Faith rPois rC- rN++ Int-2}
Regen    0.3/turn               h - +2 ring of strength
MPRegen  0.2/turn               g - +3 ring of intelligence

@: blade hands, very slow
A: see invisible, deformed body, poison resistance, slowness 2, slow metabolism
1, spit poison 1, AC +3
a: Spit Poison, End Transformation, Bend Time, Temporal Distortion, Slouch,
Renounce Religion


You were on level 8 of the Dungeon.
You worshipped Cheibriados.
Cheibriados was greatly pleased with you.
You were hungry.
You had blades for hands.
You visited 2 branches of the dungeon, and saw 9 of its levels.

You collected 455 gold pieces.
You spent 288 gold pieces at shops.

Inventory:

Missiles
 u - a throwing net (quivered)
 w - an exploding tomahawk
Armour
 a - a +2 hat (worn)
 s - a +2 robe of the Archmagi (worn)
Jewellery
 g - a +3 ring of intelligence (right scythe-like blade)
 h - a +2 ring of strength (left scythe-like blade)
 v - the amulet "Ziujuhoj" (around neck) {Faith rPois rC- rN++ Int-2}
   (You bought it in a shop on level 6 of the Dungeon)

   [amulet of faith]

   It allows you to gain divine favour quickly.
   It affects your intelligence (-2).
   It makes you vulnerable to cold.
   It protects you from poison.
   It greatly protects you from negative energy.
 z - an uncursed ring of flight
Wands
 l - a wand of digging (15/24)
 A - a wand of acid (9/15)
Scrolls
 b - a scroll of teleportation
 e - a scroll of amnesia
 j - a scroll of remove curse
 o - a scroll of enchant armour
 p - 2 scrolls of enchant weapon
 q - 2 scrolls of recharging
 r - a scroll of identify
 y - a scroll of fear
Potions
 k - 5 potions of curing
 t - a potion of flight
Books
 c - a book of Changes

   Spells                             Type                      Level
   a - Beastly Appendage              Transmutation                1
   b - Sticks to Snakes               Transmutation                2
   c - Spider Form                    Transmutation/Poison         3
   d - Ice Form                       Ice/Transmutation            4
   e - Blade Hands                    Transmutation                5
Comestibles
 d - 9 bread rations
 f - 9 royal jellies
 m - 7 fruits


   Skills:
 + Level 6.9 Fighting
 - Level 1.0 Throwing
 + Level 3.4 Dodging
 * Level 10.6 Unarmed Combat
 - Level 2.0 Spellcasting
 * Level 7.4 Transmutations
 - Level 2.0 Poison Magic
 + Level 6.2 Invocations


You had 4 spell levels left.
You knew the following spells:

 Your Spells              Type           Power        Failure   Level  Hunger
a - Beastly Appendage     Tmut           ######       12%         1    None
b - Spider Form           Tmut/Pois      #####.....   30%         3    ###....
c - Blade Hands           Tmut           ######....   52%         5    ######.


Dungeon Overview and Level Annotations

Branches:
Dungeon (8/15)             Temple (1/1) D:5
   Lair: D:8-11

Altars:
Ashenzari
Cheibriados
Dithmenos
Elyvilon
Fedhas
Gozag
Hepliaklqana
Kikubaaqudgha
Makhleb
Nemelex Xobeh
Okawaru
Qazlal
Ru
Sif Muna
Trog
Uskayaw
Vehumet
Wu Jian
Xom
Yredelemnul
Zin
The Shining One

Shops:
D:4 *   D:6 *


Innate Abilities, Weirdness & Mutations

You cannot wear boots.
Your serpentine skin is tough. (AC +3)
You have supernaturally acute eyesight. (SInv)
Armour fits poorly on your strangely shaped body.
Your system is resistant to poisons. (rPois)
You cover ground very slowly.
You have a slow metabolism.
You can spit poison.


Message History

You hit the two-headed ogre.
The two-headed ogre is lightly wounded.
The two-headed ogre hits you with a giant club!!
* * * LOW HITPOINT WARNING * * *
The two-headed ogre hits you with a giant club!!
* * * LOW HITPOINT WARNING * * *
You feel much better.
The two-headed ogre hits you with a giant club!
* * * LOW HITPOINT WARNING * * *
The two-headed ogre hits you with a giant club!
* * * LOW HITPOINT WARNING * * *
Unknown command.
Okay, then.
The two-headed ogre barely misses you. x2
You slice the two-headed ogre!! You slash the two-headed ogre!
The two-headed ogre is severely wounded.
You barely miss the two-headed ogre.
The two-headed ogre is severely wounded.
The two-headed ogre hits you with a giant club!
You die...

#####.........###########
........>####...........#
#####.##.# ###########.#
.......#.# ............#
########.#
######..#####.# ...
............... ####
######..#####.#
....######..#...#
.......O@.......#
.......%..###.###
...<...)....#.#
.......)#.#.#.#
.......##.#.#.# .....##
... #.# ..... ..#.#.#
..... ..###.# #'#. #..#
..#


You could see a two-headed ogre.

Vanquished Creatures
  Gastronok (D:8)
  The ghost of Paps the Covered, a novice GrFi of Gozag (D:7)
  Joseph (D:7)
  The ghost of Monsterracer the Transmogrifier, a novice NaTm of Cheibriados (D:4)
  A troll (D:6)
  Prince Ribbit (D:7)
  Eustachio (D:6)
  A hungry ghost (D:7)
  Duvessa (D:4)
  3 orc warriors
  A sky beast (D:6)
  An ice beast (D:6)
  4 ogres
  A centaur (D:5)
  A gnoll sergeant (D:7)
  3 bullfrogs
  Dowan (D:4)
  2 scorpions (D:7)
  A crimson imp (D:7)
  A centaur zombie (D:6)
  A quasit (D:8)
  2 bullfrog skeletons
  3 hounds
  A bullfrog zombie (D:5)
  7 orc priests
  6 orc wizards
  A centaur skeleton (D:5)
  4 worker ants
  3 iguanas
  A killer bee zombie (D:7)
  A hound skeleton (D:5)
  A howler monkey zombie (D:5)
  2 worker ant zombies
  8 adders
  4 gnolls (D:7)
  2 shadow imps
  An ooze (D:1)
  An adder skeleton (D:4)
  2 worms
  4 dart slugs
  8 leopard geckos
  25 orcs
  3 giant cockroaches
  5 goblins
  8 hobgoblins
  13 jackals
  5 kobolds
  A quokka (D:7)
  10 bats
  11 frilled lizards
  A giant cockroach zombie (D:6)
  2 leopard gecko skeletons
  A quokka zombie (D:7)
  10 rats
186 creatures vanquished.

Notes
Turn   | Place    | Note
-------+----------+-------------------------------------------
     0 | D:1      | Monsterracer the Naga Transmuter began the quest for the Orb.
     0 | D:1      | Reached XP level 1. HP: 18/18 MP: 3/3
   483 | D:1      | Reached XP level 2. HP: 25/25 MP: 5/5
  1010 | D:1      | Reached skill level 4 in Unarmed Combat
  1073 | D:1      | Reached XP level 3. HP: 31/31 MP: 6/6
  1078 | D:1      | Learned a level 3 spell: Spider Form
  2022 | D:2      | Reached skill level 1 in Poison Magic
  2330 | D:2      | Reached XP level 4. HP: 32/38 MP: 7/7
  2641 | D:3      | Learned a level 3 spell: Spider Form
  2900 | D:3      | Found a white marble altar of Elyvilon.
  3010 | D:3      | Found a deep blue altar of Sif Muna.
  3219 | D:4      | Reached XP level 5. HP: 45/45 MP: 6/8
  3345 | D:4      | Noticed Monsterracer's ghost (novice NaTm)
  3357 | D:4      | Killed Monsterracer's ghost
  3357 | D:4      | Reached skill level 6 in Unarmed Combat
  3357 | D:4      | Reached XP level 6. HP: 56/56 MP: 7/9
  3414 | D:4      | Learned a level 5 spell: Blade Hands
  3474 | D:4      | Found Qucof's Assorted Antiques.
  3554 | D:4      | Bought an ivory wand for 124 gold pieces
  3554 | D:4      | Bought a lumpy orange potion for 27 gold pieces
  3554 | D:4      | Bought a white potion for 27 gold pieces
  4052 | D:4      | Noticed Dowan
  4053 | D:4      | Noticed Duvessa
  4059 | D:4      | Killed Duvessa
  4059 | D:4      | Reached XP level 7. HP: 57/63 MP: 6/10
  4065 | D:4      | Killed Dowan
  4266 | D:5      | Entered Level 5 of the Dungeon
  4326 | D:5      | Found a staircase to the Ecumenical Temple.
  4332 | Temple   | Entered the Ecumenical Temple
  4435 | Temple   | Became a worshipper of Cheibriados the Contemplative
  4509 | D:5      | Reached skill level 7 in Unarmed Combat
  4820 | D:5      | Reached skill level 1 in Invocations
  5194 | D:5      | Reached XP level 8. HP: 49/73 MP: 4/11
  6157 | D:6      | Noticed Eustachio
  6292 | D:6      | Killed Eustachio
  6292 | D:6      | Reached skill level 8 in Unarmed Combat
  6428 | D:6      | Found an iron altar of Okawaru.
  6436 | D:6      | Noticed a troll
  6447 | D:6      | Killed a troll
  6447 | D:6      | Reached * piety under Cheibriados
  6447 | D:6      | Reached skill level 5 in Fighting
  6746 | D:6      | Reached XP level 9. HP: 78/81 MP: 10/12
  6777 | D:6      | Found Osodaur's Assorted Antiques.
  6784 | D:6      | Bought a coiled platinum amulet for 110 gold pieces
  6784 | D:6      | Identified the amulet "Ziujuhoj" {Faith rPois rC- rN++ Int-2} (You bought it in a shop on level 6 of the Dungeon)
  7133 | D:6      | Reached ** piety under Cheibriados
  7703 | D:6      | Reached skill level 9 in Unarmed Combat
  8058 | D:7      | Noticed Prince Ribbit
  8066 | D:7      | Killed Prince Ribbit
  8066 | D:7      | Reached skill level 5 in Transmutations
  8175 | D:7      | Reached skill level 1 in Throwing
  8287 | D:7      | Reached *** piety under Cheibriados
  8541 | D:7      | Noticed Paps's ghost (novice GrFi)
  8832 | D:7      | Killed Paps's ghost
  8832 | D:7      | Reached skill level 5 in Invocations
  8994 | D:7      | Reached XP level 10. HP: 88/91 MP: 13/13
  9115 | D:7      | Reached **** piety under Cheibriados
  9274 | D:7      | Noticed Joseph
  9279 | D:7      | Killed Joseph
  9279 | D:7      | Reached skill level 10 in Unarmed Combat
  9907 | D:8      | Noticed Gastronok
  9915 | D:8      | Killed Gastronok
 10290 | D:8      | Noticed a two-headed ogre
 10296 | D:8      | HP: 2/92 [two-headed ogre/giant club (22)]
 10300 | D:8      | Slain by a two-headed ogre

Vault maps used:
D:1:      dpeg_arrival_connections
D:2:      minmay_lizard_king
D:3:      led_sif_pool, elyvilon_altar_4
D:4:      first_bread, serial_shops, kennysheep_mini, uniq_duvessa
D:5:      minmay_temple_entry_grid
D:6:      serial_shops, nicolae_shop_overgrown_old_shop,
          okawaru_metal_pillars_1_2, uniq_eustachio
D:7:      the_bakery, grunt_ministairs_2, uniq_prince_ribbit1, uniq_joseph
D:8:      bh_walls_and_bars, uniq_gastronok
Temple:   kilobyte_greek_temple

Skill      XL: |  1  2  3  4  5  6  7  8  9 10 |
---------------+-------------------------------+-----
Unarmed Combat | 4 6 7 8 9 10 | 10.6
Poison Magic   | 1 2 |  2.0
Fighting       | 3 4 5 6 |  6.9
Invocations    | 2 3 5 6 |  6.2
Transmutations | 3 4 5 7 |  7.4
Throwing       | 1 |  1.0
Dodging        | 2 3 |  3.4
Spellcasting   | |  2.0

Action                   |  1- 3 |  4- 6 |  7- 9 | 10-12 || total
-------------------------+-------+-------+-------+-------++-------
Melee: Unarmed           |   103 |    56 |   231 |    76 ||   466
       Headbutt          |     7 |     3 |    11 |       ||    21
       Punch             |     3 |     1 |     5 |     9 ||    18
Throw: Stone             |       |       |     4 |       ||     4
 Cast: Beastly Appendage |    12 |    10 |    18 |       ||    40
       Spider Form       |       |     1 |    20 |     2 ||    23
       Blade Hands       |       |       |     2 |     5 ||     7
Invok: Bend Time         |       |       |     1 |     2 ||     3
       Temporal Distorti |       |       |       |     1 ||     1
 Abil: Spit Poison       |    22 |    17 |    53 |    15 ||   107
       Evoke Berserk Rag |       |     1 |       |       ||     1
       End Transformatio |       |       |     2 |       ||     2
  Use: Potion            |     6 |     3 |     7 |     1 ||    17
       Scroll            |     2 |    11 |     3 |     1 ||    17
  Eat: Chunk             |     4 |     3 |    14 |     7 ||    28
       Meat ration       |       |     1 |     1 |       ||     2
       Fruit             |       |       |     1 |       ||     1
Armor: Robe              |    23 |    17 |    50 |    13 ||   103
       Skin              |       |       |    20 |     1 ||    21
Dodge: Dodged            |    53 |    31 |   193 |    30 ||   307
